[ AOE2 MATCH · #487175239 ]
1v1 RMSaracens vs Vietnamese
Player's team · WIN
[ REPLAY ANALYSIS · EXTRACTED FROM THE RECORDED GAME ]
Feudal
9:31
Castle
21:08
Imperial
—
| APM avg | 57.5 |
| APM peak | 101 |
| eAPM avg | 20.6 |
| Villagers / military | 75 / 68 |
Focus
⚔️ 38.0% · 🌾 62.0%
Archer ×64 · Mangonel ×4
Feudal
9:16
Castle
24:22
Imperial
—
| APM avg | 36.3 |
| APM peak | 77 |
| eAPM avg | 13.4 |
| Villagers / military | 71 / 72 |
Focus
⚔️ 39.5% · 🌾 60.5%
Skirmisher ×61 · Fire Lancer ×11
Match map
Initial resources + every placement click. Lines = walls · curves = elevation contours. ◆ gold · ⬟ stone · ● berries · ✦ relic · ◌ wall gap
Your base· ✓ Closed at 21:08 · 35t walls · no gate
Hashshasin's base· ✓ Closed at 24:22 · 24t walls · no gate
Smoothed initial terrain · ◌ = detected wall gap · hover for details
Inputs per minute
— Cranve - - Hashshasin
Build order — Cranve
First 150 of 247 actions detected
| 0:04 | Create | Villager (Male) |
| 0:04 | Create | Villager (Male) |
| 0:04 | Create | Villager (Male) |
| 0:05 | Build | House |
| 0:06 | Build | House |
| 0:15 | Create | Villager (Male) |
| 1:34 | Create | Villager (Male) |
| 2:01 | Build | Lumber Camp |
| 2:10 | Create | Villager (Male) |
| 2:10 | Create | Villager (Male) |
| 2:21 | Create | Villager (Male) |
| 2:58 | Create | Villager (Male) |
| 3:22 | Create | Villager (Male) |
| 3:37 | Build | Mill |
| 3:43 | Create | Villager (Male) |
| 4:16 | Create | Villager (Male) |
| 4:23 | Create | Villager (Male) |
| 4:44 | Create | Villager (Male) |
| 4:47 | Research | Loom |
| 4:51 | Build | House |
| 5:14 | Create | Villager (Male) |
| 5:35 | Create | Villager (Male) |
| 5:47 | Create | Villager (Male) |
| 6:00 | Build | House |
| 6:02 | Create | Villager (Male) |
| 6:11 | Create | Villager (Male) |
| 6:39 | Create | Villager (Male) |
| 7:18 | Research | Feudal Age |
| 8:04 | Create | Villager (Male) |
| 8:11 | Build | Barracks |
| 8:15 | Create | Villager (Male) |
| 8:36 | Build | Mining Camp |
| 8:54 | Build | Palisade Wall |
| 9:02 | Create | Villager (Male) |
| 9:20 | Build | Palisade Wall |
| 9:31 | Age | Feudal Age |
| 9:35 | Build | Archery Range |
| 9:37 | Create | Villager (Male) |
| 9:40 | Research | Double-Bit Axe |
| 9:59 | Create | Villager (Male) |
| 10:13 | Create | Villager (Male) |
| 10:16 | Build | House |
| 10:18 | Build | Palisade Wall |
| 10:23 | Create | Archer |
| 10:24 | Create | Archer |
| 10:41 | Build | House |
| 10:44 | Build | Palisade Wall |
| 11:03 | Create | Villager (Male) |
| 11:04 | Create | Villager (Male) |
| 11:07 | Build | Blacksmith |
| 11:11 | Create | Villager (Male) |
| 11:29 | Build | Lumber Camp |
| 11:33 | Create | Archer |
| 11:50 | Create | Villager (Male) |
| 12:07 | Build | Palisade Wall |
| 12:09 | Build | House |
| 12:10 | Create | Villager (Male) |
| 12:28 | Build | Farm |
| 12:39 | Build | Gate |
| 12:44 | Build | Market |
| 12:46 | Build | Palisade Wall |
| 12:47 | Create | Villager (Male) |
| 12:53 | Build | Farm |
| 12:55 | Build | Farm |
| 12:55 | Create | Archer |
| 13:05 | Create | Villager (Male) |
| 13:13 | Build | Farm |
| 13:16 | Build | Farm |
| 13:17 | Create | Villager (Male) |
| 13:26 | Research | Fletching |
| 14:06 | Create | Villager (Male) |
| 14:26 | Build | House |
| 14:27 | Build | Palisade Wall |
| 14:34 | Create | Archer |
| 14:53 | Create | Villager (Male) |
| 15:03 | Build | House |
| 15:04 | Build | House |
| 15:07 | Build | Palisade Wall |
| 15:09 | Build | Palisade Wall |
| 15:09 | Create | Villager (Male) |
| 15:10 | Create | Villager (Male) |
| 15:10 | Create | Villager (Male) |
| 15:13 | Create | Archer |
| 15:25 | Build | Farm |
| 15:25 | Create | Villager (Male) |
| 15:41 | Create | Archer |
| 15:41 | Create | Archer |
| 15:48 | Build | Archery Range |
| 15:50 | Create | Villager (Male) |
| 16:10 | Create | Archer |
| 16:21 | Create | Archer |
| 17:13 | Create | Archer |
| 17:13 | Create | Archer |
| 17:17 | Build | Farm |
| 17:17 | Build | Farm |
| 17:17 | Build | Farm |
| 17:17 | Build | Farm |
| 17:18 | Build | Farm |
| 17:18 | Build | Farm |
| 17:18 | Build | Farm |
| 17:18 | Build | Farm |
| 17:19 | Build | Farm |
| 17:19 | Build | Farm |
| 17:57 | Create | Archer |
| 17:57 | Create | Archer |
| 17:58 | Create | Villager (Male) |
| 18:01 | Build | Farm |
| 18:28 | Research | Castle Age |
| 18:38 | Create | Archer |
| 18:38 | Create | Archer |
| 19:00 | Research | Gold Mining |
| 19:04 | Build | Farm |
| 19:04 | Build | Farm |
| 19:04 | Build | Farm |
| 19:05 | Build | Farm |
| 19:05 | Build | Farm |
| 19:20 | Create | Archer |
| 19:20 | Create | Archer |
| 19:21 | Create | Archer |
| 20:10 | Create | Archer |
| 20:10 | Create | Archer |
| 20:10 | Create | Archer |
| 20:15 | Build | House |
| 20:16 | Build | House |
| 20:18 | Build | House |
| 20:20 | Build | House |
| 20:22 | Create | Villager (Male) |
| 20:24 | Create | Villager (Male) |
| 20:34 | Research | Padded Archer Armor |
| 21:08 | Age | Castle Age |
| 21:11 | Research | Bodkin Arrow |
| 21:12 | Research | Crossbowman (upgrade) |
| 21:26 | Research | Thumb Ring |
| 22:05 | Create | Archer |
| 22:05 | Create | Archer |
| 22:06 | Create | Villager (Male) |
| 22:22 | Create | Archer |
| 22:23 | Create | Archer |
| 22:23 | Create | Archer |
| 22:30 | Create | Villager (Male) |
| 22:45 | Create | Archer |
| 22:45 | Create | Archer |
| 22:58 | Create | Archer |
| 22:58 | Create | Archer |
| 22:59 | Create | Villager (Male) |
| 22:59 | Create | Villager (Male) |
| 22:59 | Create | Villager (Male) |
| 23:41 | Build | University |
| 24:04 | Create | Archer |
| 24:04 | Create | Archer |
Build order — Hashshasin
First 150 of 214 actions detected
| 0:00 | Create | Villager (Male) |
| 0:01 | Create | Villager (Male) |
| 0:01 | Create | Villager (Male) |
| 0:01 | Create | Villager (Male) |
| 0:03 | Build | House |
| 0:04 | Build | House |
| 1:22 | Build | Lumber Camp |
| 1:27 | Create | Villager (Male) |
| 1:58 | Create | Villager (Male) |
| 1:58 | Create | Villager (Male) |
| 2:23 | Create | Villager (Male) |
| 2:23 | Create | Villager (Male) |
| 2:48 | Create | Villager (Male) |
| 2:49 | Create | Villager (Male) |
| 3:14 | Create | Villager (Male) |
| 3:14 | Create | Villager (Male) |
| 3:42 | Build | House |
| 3:46 | Create | Villager (Male) |
| 3:47 | Create | Villager (Male) |
| 4:06 | Create | Villager (Male) |
| 4:06 | Create | Villager (Male) |
| 4:34 | Create | Villager (Male) |
| 4:34 | Create | Villager (Male) |
| 5:18 | Create | Villager (Male) |
| 5:25 | Create | Villager (Male) |
| 5:55 | Create | Villager (Male) |
| 6:05 | Build | Mill |
| 6:15 | Research | Loom |
| 6:20 | Research | Loom |
| 6:50 | Research | Feudal Age |
| 7:22 | Build | House |
| 7:27 | Build | Palisade Wall |
| 7:29 | Build | House |
| 7:57 | Build | Barracks |
| 8:21 | Create | Villager (Male) |
| 8:30 | Build | Palisade Wall |
| 8:32 | Build | House |
| 8:43 | Build | House |
| 9:16 | Age | Feudal Age |
| 9:22 | Build | Archery Range |
| 9:27 | Create | Villager (Male) |
| 9:30 | Research | Double-Bit Axe |
| 9:47 | Build | House |
| 9:51 | Create | Villager (Male) |
| 10:08 | Research | Horse Collar |
| 10:19 | Build | House |
| 10:26 | Create | Villager (Male) |
| 10:37 | Build | House |
| 10:39 | Build | Palisade Wall |
| 10:46 | Create | Villager (Male) |
| 11:06 | Build | House |
| 11:07 | Build | House |
| 11:08 | Build | House |
| 11:10 | Create | Villager (Male) |
| 11:17 | Build | Farm |
| 11:23 | Build | Blacksmith |
| 11:27 | Create | Villager (Male) |
| 11:42 | Build | Farm |
| 11:45 | Build | Farm |
| 11:50 | Create | Villager (Male) |
| 11:58 | Build | House |
| 12:15 | Create | Villager (Male) |
| 12:27 | Build | Farm |
| 12:29 | Build | Farm |
| 12:38 | Build | Farm |
| 12:51 | Create | Villager (Male) |
| 13:01 | Build | Farm |
| 13:20 | Create | Villager (Male) |
| 13:28 | Build | Mining Camp |
| 13:30 | Create | Villager (Male) |
| 13:51 | Build | House |
| 14:02 | Create | Skirmisher |
| 14:02 | Create | Skirmisher |
| 14:07 | Create | Villager (Male) |
| 14:14 | Build | Palisade Wall |
| 14:19 | Create | Skirmisher |
| 14:22 | Research | Fletching |
| 14:29 | Create | Skirmisher |
| 14:43 | Build | Lumber Camp |
| 14:45 | Create | Villager (Male) |
| 14:58 | Create | Villager (Male) |
| 14:59 | Create | Skirmisher |
| 15:11 | Build | House |
| 15:13 | Build | House |
| 15:21 | Build | Mining Camp |
| 15:27 | Create | Villager (Male) |
| 15:27 | Create | Villager (Male) |
| 15:39 | Create | Skirmisher |
| 15:51 | Build | Farm |
| 15:58 | Create | Villager (Male) |
| 16:03 | Build | Farm |
| 16:15 | Build | Farm |
| 16:21 | Create | Skirmisher |
| 16:38 | Build | Archery Range |
| 17:19 | Create | Skirmisher |
| 17:24 | Create | Villager (Male) |
| 17:25 | Create | Villager (Male) |
| 17:34 | Create | Villager (Male) |
| 17:42 | Create | Skirmisher |
| 17:44 | Create | Skirmisher |
| 17:55 | Create | Villager (Male) |
| 18:09 | Create | Skirmisher |
| 18:09 | Create | Skirmisher |
| 18:23 | Create | Skirmisher |
| 18:23 | Create | Skirmisher |
| 18:24 | Create | Villager (Male) |
| 18:25 | Create | Villager (Male) |
| 18:33 | Research | Padded Archer Armor |
| 18:43 | Create | Skirmisher |
| 18:44 | Create | Villager (Male) |
| 19:16 | Create | Villager (Male) |
| 19:23 | Build | House |
| 19:35 | Build | Farm |
| 19:43 | Build | Farm |
| 19:44 | Build | Farm |
| 19:45 | Build | Farm |
| 19:46 | Build | Farm |
| 19:52 | Build | Farm |
| 19:57 | Create | Villager (Male) |
| 20:08 | Create | Villager (Male) |
| 20:20 | Build | Market |
| 20:33 | Build | House |
| 20:34 | Build | House |
| 20:39 | Create | Villager (Male) |
| 20:41 | Build | Farm |
| 20:42 | Build | Farm |
| 21:05 | Create | Villager (Male) |
| 21:35 | Create | Skirmisher |
| 21:35 | Create | Skirmisher |
| 21:35 | Create | Skirmisher |
| 21:35 | Create | Skirmisher |
| 21:42 | Research | Castle Age |
| 22:06 | Research | Padded Archer Armor |
| 22:33 | Build | Archery Range |
| 22:47 | Build | Lumber Camp |
| 22:58 | Create | Skirmisher |
| 22:58 | Create | Skirmisher |
| 23:00 | Create | Skirmisher |
| 23:01 | Create | Skirmisher |
| 23:25 | Create | Skirmisher |
| 23:26 | Create | Skirmisher |
| 23:44 | Build | Farm |
| 23:59 | Create | Skirmisher |
| 23:59 | Create | Skirmisher |
| 24:22 | Age | Castle Age |
| 24:24 | Create | Skirmisher |
| 24:26 | Research | Elite Skirmisher (upgrade) |
| 24:28 | Research | Bodkin Arrow |
| 24:30 | Create | Skirmisher |
| 24:31 | Create | Skirmisher |
Match timeline
| 7:27 | Hashshasin · wall_segment Palisade Wall x8 |
| 7:57 | Hashshasin · first_building Barracks |
| 8:11 | Cranve · first_building Barracks |
| 8:30 | Hashshasin · wall_segment Palisade Wall x5 |
| 8:54 | Cranve · wall_segment Palisade Wall x3 |
| 9:16 | Hashshasin · age_up feudal |
| 9:20 | Cranve · wall_segment Palisade Wall x3 |
| 9:22 | Hashshasin · first_building Archery Range |
| 9:31 | Cranve · age_up feudal |
| 9:35 | Cranve · first_building Archery Range |
| 10:18 | Cranve · wall_segment Palisade Wall x1 |
| 10:39 | Hashshasin · wall_segment Palisade Wall x3 |
| 10:44 | Cranve · wall_segment Palisade Wall x5 |
| 12:07 | Cranve · wall_segment Palisade Wall x5 |
| 12:46 | Cranve · wall_segment Palisade Wall x4 |
| 14:14 | Hashshasin · wall_segment Palisade Wall x8 |
| 14:27 | Cranve · wall_segment Palisade Wall x2 |
| 15:07 | Cranve · wall_segment Palisade Wall x5 |
| 15:09 | Cranve · wall_segment Palisade Wall x7 |
| 21:08 | Cranve · age_up castle |
| 21:41 | Hashshasin · first_market_buy 100 food |
| 23:23 | Cranve · first_market_sell 100 food |
| 23:26 | Cranve · first_market_buy 100 food |
| 24:22 | Hashshasin · age_up castle |
| 26:05 | Cranve · first_building Siege Workshop |
| 31:40 | Hashshasin · resign |
[ AI ANALYSIS · 1 CREDIT ]
What really happened in this match?
Wolo.gg analyzes every decision: build order, eco, micro, common mistakes by bracket. Personalized analysis on WhatsApp or Discord in 30 seconds.
Civ guide
Saracens
Map guide
Arabia
Perfil
Cranve